 Dungeon Crawl Stone Soup version 0.27-a0-1312-g5cdb2b3542 (webtiles) character file.

Game seed: 12750723331779644167

840 Feb132020 the Gusty (level 8, -5/44 HPs)
             Began as a Tengu Venom Mage on June 18, 2021.
             Was a Follower of Ashenzari.
             Slain by an orc (9 damage)
             ... on level 6 of the Dungeon on June 19, 2021.
             The game lasted 00:36:24 (6974 turns).

Feb132020 the Gusty (Tengu Venom Mage)              Turns: 6974, Time: 00:36:25

Health: -5/44      AC:  5    Str:  9    XL:     8   Next: 0%
Magic:  14/16      EV: 15    Int: 18    God:    Ashenzari [*.....]
Gold:   250        SH:  0    Dex: 14    Spells: 7/17 levels left

rFire    . . .     SeeInvis .   o - +0 rapier
rCold    . . .     Faith    .   (no shield)
rNeg     . . .     Spirit   .   a - +0 robe
rPois    +         Reflect  .   (helmet restricted)
rElec    .         Harm     .   v - +2 cloak of the Esoteric Augurer {Self, Bglg} (curse)
rCorr    .         Rampage  .   (no gloves)
Will     +....                  (boots unavailable)
Stlth    ++........             (no amulet)
HPRegen  0.14/turn              h - ring of Ashenzari's Omen {Will+, Comp, Elem} (curse)
MPRegen  0.15/turn              w - ring of poison resistance

@: flying quickly and evasively, quick
A: beak, talons 3, nimble flight
a: Renounce Religion, Shatter the Chains


You were on level 6 of the Dungeon.
You worshipped Ashenzari.
Ashenzari was aware of your devotion.
You visited 1 branch of the dungeon, and saw 6 of its levels.

You collected 250 gold pieces.

Inventory:

Hand Weapons
 o - a +0 rapier (weapon)
Missiles
 j - 8 boomerangs of dispersal
 p - 5 curare-tipped darts
Armour
 a - a +0 robe (worn)
 f - a +0 buckler
 i - a +0 cloak
 n - a +1 leather armour of poison resistance
 q - a +0 pair of gloves
 v - the cursed +2 cloak of the Esoteric Augurer (worn) {Self, Bglg}
   (You found it on level 4 of the Dungeon)

   It has a curse which improves the following skills: Introspection: Fighting
   and Spellcasting.
   Beguiling: Conjurations, Hexes and Translocations.
Jewellery
 h - the cursed ring of Ashenzari's Omen (left hand) {Will+, Comp, Elem}
   (You found it on level 2 of the Dungeon)

   [ring of willpower]

   It increases your willpower.
   It has a curse which improves the following skills: Companions: Summonings
   and Necromancy.
   Elements:  Fire Magic, Ice Magic, Air Magic and Earth Magic.
 w - a ring of poison resistance (right hand)
Wands
 t - a wand of flame (9)
Scrolls
 b - 4 scrolls of identify
 c - a scroll of amnesia
 d - a scroll of fear
 g - a scroll of noise
 l - a scroll of immolation
 m - a scroll of blinking
 u - 2 scrolls of teleportation
Potions
 e - a potion of curing
 k - a potion of cancellation
 r - a potion of mutation
 s - a potion of ambrosia


   Skills:
 * Level 1.2(1.9) Fighting
 + Level 2.4 Short Blades
 + Level 2.6 Dodging
 + Level 2.5 Stealth
 + Level 4.1(5.1) Spellcasting
 * Level 3.4(4.4) Conjurations
 + Level 1.8 Transmutations
 * Level 5.2(6.2) Air Magic
 + Level 4.6 Poison Magic
 + Level 0.2 Evocations


You had 7 spell levels left.
You knew the following spells:

 Your Spells              Type           Power      Damage    Failure   Level
a - Sting                 Tmut/Pois      64%        1d6       3%          1
b - Poisonous Vapours     Pois/Air       48%        N/A       1%          2
c - Mephitic Cloud        Conj/Pois/Air  23%        N/A       4%          3
d - Magic Dart            Conj           80%        1d7       2%          1
e - Foxfire               Conj/Fire      48%        2x1d6     5%          1
r - Searing Ray           Conj           40%        3d4       3%          2

Your spell library contained the following spells:

 Spells                   Type           Power      Damage    Failure   Level
 Animate Skeleton         Necr           10%        N/A       13%         1
 Corona                   Hex            5%         N/A       13%         1
 Pain                     Necr           20%        1d5       13%         1
 Conjure Flame            Conj/Fire      12%        6-21      16%         3
 Dazzling Flash           Conj/Hex       24%        N/A       16%         3
 Ignite Poison            Fire/Tmut/Pois 12%        N/A       16%         3
 Ensorcelled Hibernation  Hex/Ice        10%        N/A       19%         2
 Olgreb's Toxic Radiance  Pois           21%        N/A       19%         4
 Confusing Touch          Hex            5%         N/A       36%         3
 Inner Flame              Hex/Fire       5%         N/A       36%         3
 Tukima's Dance           Hex            5%         N/A       36%         3
 Vampiric Draining        Necr           2%         2d6       36%         3
 Fulminant Prism          Conj/Hex       6%         3d7       45%         4
 Iskenderun's Mystic Bla  Conj/Tloc      12%        2d5       45%         4
 Sticky Flame             Conj/Fire      12%        2d4       45%         4
 Animate Dead             Necr           2%         N/A       77%         4
 Fireball                 Conj/Fire      6%         3d5       82%         5
 Agony                    Necr           5%         N/A       98%         5


Dungeon Overview and Level Annotations

Branches:
Dungeon (6/15)
 Temple: D:4-7

Altars:
Ashenzari
Hepliaklqana
Nemelex Xobeh
Trog
Xom

Shops:
D:1 ?

Annotations:
D:4 Grinder
D:5 exclusion: white imp


Innate Abilities, Weirdness & Mutations

You have a beak for a mouth.
You have claws for feet.
Your magical nature lets you fly swiftly and evasively.


Message History

The hornet zombie barely misses you.
You hit the hornet zombie.
You peck the hornet zombie, but do no damage.
The hornet zombie is heavily damaged.
The hornet zombie hits you. x2
You hit the hornet zombie. Your peck misses the hornet zombie.
The hornet zombie is heavily damaged.
The hornet zombie misses you.
You closely miss the hornet zombie.
The hornet zombie is heavily damaged.
The hornet zombie barely misses you.
The hornet zombie hits you but does no damage.
You closely miss the hornet zombie. Your peck misses the hornet zombie.
The hornet zombie is heavily damaged.
The hornet zombie hits you but does no damage.
You hit the hornet zombie but do no damage.
The hornet zombie is heavily damaged.
The hornet zombie hits you!
You puncture the hornet zombie! Your kick misses the hornet zombie.
You peck the hornet zombie, but do no damage.
The hornet zombie is severely damaged.
The hornet zombie hits you! The hornet zombie hits you.
* * * LOW HITPOINT WARNING * * *
The hornet zombie completely misses you.
You fly downwards.
The orc hits you with a +0 flail.
* * * LOW HITPOINT WARNING * * *
The orc hits you but does no damage.
There is a stone staircase leading up here.
Unknown command.
Unknown command.
Unknown command.
Unknown command.
Casting: Sting (safe; 3% risk of failure)
Confirm with . or Enter, or press ? or * to list all spells.
Aiming: Poisonous Vapours (safe; 1% risk of failure)
Press: ? - help, Dir - move target, f - orc
Aim: an orc, wielding a +0 flail Poisonous vapours surround the orc!
The orc is poisoned.
The orc hits you with a +0 flail!
You die...

##############
#....o@.......
#.............
+.............
##......##....
#......# +##
#.......
........
.........#


You could see an orc (very poisoned).

Vanquished Creatures
  Eustachio (D:5)
  A necrophage (D:4)
  Blork the orc (D:3)
  A water moccasin skeleton (D:4)
  A bullfrog zombie (D:5)
  2 hounds
  3 orc priests
  2 iguanas
  A scorpion zombie (D:3)
  3 orc wizards
  4 adders
  A white imp (D:5)
  An ufetubus (D:5)
  2 adder skeletons (D:4)
  2 worms
  3 dart slugs
  13 orcs
  8 endoplasms
  3 giant cockroaches
  6 hobgoblins
  6 jackals
  2 quokkas
  8 ball pythons
  6 bats
  5 frilled lizards
  3 goblins
  7 kobolds
  4 rats
100 creatures vanquished.

Notes
Turn   | Place    | Note
-------+----------+-------------------------------------------
     0 | D:1      | Feb132020 the Tengu Venom Mage began the quest for the Orb.
     0 | D:1      | Reached XP level 1. HP: 10/10 MP: 4/4
   313 | D:1      | Reached XP level 2. HP: 15/15 MP: 3/6
   316 | D:1      | Learned a level 2 spell: Poisonous Vapours
   544 | D:1      | Reached skill level 1 in Transmutations
  1072 | D:1      | Reached XP level 3. HP: 19/19 MP: 4/7
  1178 | D:1      | Reached skill level 1 in Air Magic
  1271 | D:1      | Found Nuxuv's Magic Scroll Shoppe.
  1532 | D:2      | Found a shimmering altar of Xom.
  1856 | D:2      | Found a faded altar of an unknown god.
  2346 | D:3      | Found a hazy altar of Hepliaklqana.
  2391 | D:2      | Learned a level 3 spell: Mephitic Cloud
  2410 | D:3      | Reached XP level 4. HP: 24/24 MP: 6/9
  2863 | D:3      | Noticed a phantom
  2924 | D:3      | Reached skill level 1 in Conjurations
  3071 | D:3      | Found a bloodstained altar of Trog.
  3098 | D:3      | Gained mutation: Your magical nature lets you fly swiftly
                  | and evasively. [Tengu growth]
  3098 | D:3      | Reached XP level 5. HP: 25/28 MP: 6/10
  3192 | D:3      | Reached skill level 2 in Air Magic
  3813 | D:4      | Noticed Blork the orc
  3838 | D:3      | Killed Blork the orc
  3839 | D:3      | Reached XP level 6. HP: 32/32 MP: 4/12
  3968 | D:4      | Noticed a necrophage
  3992 | D:3      | Learned a level 1 spell: Foxfire
  4055 | D:4      | Reached skill level 3 in Air Magic
  4143 | D:4      | Found a broken altar of Ashenzari.
  4155 | D:4      | Became a worshipper of Ashenzari the Shackled
  4156 | D:4      | Upgraded the game from 0.27-a0-1302-g7736ffe575 to
                  | 0.27-a0-1312-g5cdb2b3542
  4638 | D:5      | Entered Level 5 of the Dungeon
  5070 | D:4      | Killed a necrophage
  5071 | D:4      | Reached skill level 1 in Short Blades
  5177 | D:4      | Reached skill level 4 in Air Magic
  5177 | D:4      | Reached XP level 7. HP: 34/37 MP: 9/13
  5228 | D:4      | Noticed Grinder
  5400 | D:4      | Found a sparkling altar of Nemelex Xobeh.
  5763 | D:5      | Learned a level 1 spell: Magic Dart
  5766 | D:5      | Learned a level 2 spell: Searing Ray
  6719 | D:5      | Reached * piety under Ashenzari
  6733 | D:5      | Noticed Eustachio
  6761 | D:5      | Killed Eustachio
  6762 | D:5      | Reached skill level 1 in Fighting
  6762 | D:5      | Reached skill level 5 in Air Magic
  6892 | D:5      | Reached XP level 8. HP: 37/44 MP: 13/16
  6974 | D:6      | Slain by an orc

Illustrated notes

Levels and vault maps discovered:
D:1:      ncdulo_smallfort, layout_basic, serial_shops, nicolae_shop_waterfront
D:2:      layout_basic, basic_altar, hellmonk_ecumenical_altar_zigzags,
          lemuel_flame_loot_1
D:3:      layout_basic, lightli_temple_of_fire,
          worldfamousw_hep_ancestral_shrine
D:4:      layout_basic, marbit_many_paths, lemuel_doored_altar,
          uniq_blork_the_orc, uniq_grinder
D:5:      layout_layer_cave, minmay_overflow_temple_star_hex,
          kennysheep_small_spiral, minmay_misc_feat_plants, uniq_eustachio
D:6:      layout_gridville, lemuel_mausoleum_altar_yredelemnul,
          minmay_temple_entry_glass

Skill      XL: |  1  2  3  4  5  6  7 |
---------------+----------------------+-----
Transmutations | 1 |  1.8
Air Magic      | 1 2 4 5 |  5.2
Spellcasting   | 3 4 |  4.1
Conjurations   | 1 2 3 |  3.4
Poison Magic   | 4 |  4.6
Short Blades   | 1 2 |  2.4
Fighting       | 1 |  1.2
Dodging        | |  2.6
Stealth        | |  2.5
Evocations     | |  0.2

Action                   |  1- 3 |  4- 6 |  7- 9 || total
-------------------------+-------+-------+-------++-------
Melee: Unarmed           |     3 |       |       ||     3
       Peck              |     2 |     8 |    11 ||    21
       Rapier            |       |    51 |    62 ||   113
       Kick              |       |    20 |    14 ||    34
 Cast: Sting             |    60 |    25 |    19 ||   104
       Poisonous Vapours |    17 |    33 |    26 ||    76
       Mephitic Cloud    |       |       |     1 ||     1
Invok: Curse Item        |       |       |     2 ||     2
Evoke: Wand              |       |     5 |     1 ||     6
  Use: Scroll            |     2 |     1 |       ||     3
       Potion            |       |       |     1 ||     1
 Stab: Sleeping          |       |     1 |     2 ||     3
       Distracted        |       |       |     1 ||     1
       Confused          |       |       |     1 ||     1
Armor: Robe              |     7 |    12 |    16 ||    35
Dodge: Dodged            |    11 |    75 |    51 ||   137

Table legend: (Time is in decaauts)
 A = Elapsed time spent in this place.
 B = Non-inter-level travel time spent in this place.
 C = Inter-level travel time spent in this place.
 D = Time resting spent in this place.
 E = Time spent auto-exploring this place.
 F = Levels seen in this place.
 G = Mean time per level.
                   A        B        C        D        E       F      G
               +--------+--------+--------+--------+--------+-----+--------+
         Total |   6808 |   6559 |    249 |    951 |   4414 |   6 | 1134.7 |
       Dungeon |   6808 |   6559 |    249 |    951 |   4414 |   6 | 1134.7 |
               +--------+--------+--------+--------+--------+-----+--------+

Top non-repeatable levels by time:
     D:5: 1499 daAuts
     D:4: 1463 daAuts
     D:1: 1352 daAuts
     D:3: 1300 daAuts
     D:2: 1186 daAuts
     D:6: 5 daAuts
